 Dungeon Crawl Stone Soup version 0.29-a0-451-gfbfa42419e (webtiles) character file.

Game seed: 91084569597009113

426 Impy the Bolt Thrower (level 7, -9/52 (55) HPs)
             Began as a Formicid Hunter on May 19, 2022.
             Killed by divine providence
             ... invoked by an orc priest
              (16 damage)
             ... on level 6 of the Dungeon.
             The game lasted 00:07:07 (3560 turns).

Impy the Bolt Thrower (Formicid Hunter)             Turns: 3560, Time: 00:07:07

HP:   -9/52 (55)    AC:  7    Str: 16    XL:     7   Next: 18%
MP:   7/7           EV: 13    Int:  8    God:
Gold: 183           SH:  0    Dex: 16    Spells: 6/6 levels left

rFire   . . .      SeeInvis +   a - +1 hand crossbow
rCold   . . .      Faith    .   (no shield)
rNeg    . . .      Spirit   .   b - +0 leather armour
rPois   .          Reflect  .   (helmet unavailable)
rElec   .          Harm     .   f - +0 cloak
rCorr   .          Rampage  .   g - +2 pair of gloves
Will    .....                   (no boots)
Stlth   ++........              (no amulet)
HPRegen 0.17/turn               (no ring)
MPRegen 0.10/turn               (no ring)

@: drained
A: permanent stasis, dig shafts and tunnels, antennae 3, four strong arms
a: Dig, Shaft Self


You were on level 6 of the Dungeon.
You visited 1 branch of the dungeon, and saw 5 of its levels.

You collected 183 gold pieces.

Inventory:

Hand Weapons
 a - a +1 hand crossbow (weapon)
Armour
 b - a +0 leather armour (worn)
 f - a +0 cloak (worn)
 g - a +2 pair of gloves (worn)
Wands
 i - a wand of iceblast (4)
Scrolls
 c - 2 scrolls of immolation
 d - 5 scrolls of identify
 h - 3 scrolls of fog
Potions
 e - a potion of flight


   Skills:
 + Level 4.8 Fighting
 + Level 5.6 Crossbows
 + Level 4.0 Dodging
 - Level 1.2 Stealth


You had 6 spell levels left.
You didn't know any spells.
Your spell library contained the following spells:

 Spells                   Type           Power      Damage    Failure   Level
 Poisonous Vapours        Pois/Air       0%         N/A       63%         2
 Lesser Beckoning         Tloc           0%         N/A       85%         3
 Corpse Rot               Necr/Pois/Air  0%         N/A       99%         4
 Manifold Assault         Tloc           0%         N/A       100%        5
 Blink                    Tloc           Unusable   N/A       N/A         2

Dungeon Overview and Level Annotations

Branches:
Dungeon (4/15)
 Temple: D:4-7

Altars:
Cheibriados
Hepliaklqana

Portals:
Abyss: D:3

Annotations:
D:3 2 transporters, Longtemps's ghost, amateur OpEE


Innate Abilities, Weirdness & Mutations

You cannot be hasted, slowed, berserked, paralysed or teleported.
You can dig through walls and to a lower floor.
You have a pair of large antennae on your head. (SInv)
Your four strong arms can wield two-handed weapons with a shield.


Message History

You sense a monster nearby.
You sense a monster nearby.
An ogre comes into view. It is wielding a +0 giant club.
Found a potion of flight.
You shoot a bolt. The bolt closely misses the ogre.
You shoot a bolt. The bolt closely misses the ogre.
You shoot a bolt. The bolt hits the ogre.
The ogre is moderately wounded.
The ogre hits you with a +0 giant club!
You shoot a bolt. The bolt completely misses the ogre.
The ogre hits you with a +0 giant club.
You shoot a bolt. The bolt hits the ogre.
The ogre is moderately wounded.
The ogre hits you with a +0 giant club!!
Ouch! That really hurt!
* * * LOW HITPOINT WARNING * * *
Are you sure you want to shaft yourself?
You begin to dig a shaft.
You continue digging a shaft.
The ogre closely misses you. A shaft appears beneath you!
You fall into a shaft and drop 2 floors!
The shaft crumbles and collapses.
You hear the hiss of flowing sand.
There is an entrance to an ossuary on this level.
Hurry and find it before the portal is buried!
You sense a monster nearby.
You sense a monster nearby.
A necrophage comes into view.
A water moccasin comes into view.
Found a silver ring.
You extend your mandibles.
You dig through the rock wall.
You feel drained.
An orc priest and an orc wizard come into view.
Found 11 gold pieces and 5 poisoned darts.
The orc priest shouts!
You hear a shout!
An orc comes into view. It is wielding a +0 mace.
You retract your mandibles.
Found a hazy altar of Hepliaklqana.
The orc wizard yells noisily.
The orc priest invokes the aid of Beogh against you.
Beogh smites you!
You die...

#.# #.# { #.# #.#
#.# #.# #.#
######.#########
....o.o.n.@.....#
.#.$.#...#...#..#
....o.........._#
.#..(#...#...#..#
................#
#################
{


You could see a necrophage, an orc priest, an orc wizard and an orc.

Vanquished Creatures
  An ogre (D:4)
  A phantom (D:4)
  2 scorpions (D:4)
  A jelly (D:4)
  3 adders
  3 gnolls (D:2)
  A worm (D:3)
  4 dart slugs
  3 orcs (D:3)
  11 ball pythons
  2 bats
  3 endoplasms
  3 giant cockroaches
  6 goblins
  5 hobgoblins
  4 quokkas
  3 frilled lizards (D:2)
  2 kobolds
  5 rats
63 creatures vanquished.

Vanquished Creatures (others)
  A plant (D:3)
1 creature vanquished.

Grand Total: 64 creatures vanquished

Notes
Turn   | Place    | Note
-------+----------+-------------------------------------------
     0 | D:1      | Impy the Formicid Hunter began the quest for the Orb.
     0 | D:1      | Reached XP level 1. HP: 16/16 MP: 1/1
   253 | D:1      | Reached XP level 2. HP: 23/23 MP: 2/2
   278 | D:1      | Found a faded altar of an unknown god.
   955 | D:2      | Reached XP level 3. HP: 28/28 MP: 3/3
   969 | D:2      | Reached XP level 4. HP: 6/35 MP: 4/4
  2013 | D:3      | Noticed a kobold brigand
  2020 | D:3      | Found a transporter.
  2030 | D:3      | Noticed a small abomination
  2050 | D:3      | Found a one-way gate to the infinite horrors of the Abyss.
  2050 | D:3      | Noticed Longtemps's ghost (amateur OpEE)
  2057 | D:3      | Found a transporter.
  2067 | D:3      | Noticed a small abomination
  2166 | D:3      | Found a snail-covered altar of Cheibriados.
  2286 | D:3      | Reached XP level 5. HP: 41/41 MP: 5/5
  2828 | D:4      | Reached skill level 5 in Crossbows
  3005 | D:4      | Reached XP level 6. HP: 42/48 MP: 6/6
  3140 | D:4      | Noticed an ogre
  3144 | D:4      | Killed an ogre
  3184 | D:4      | Reached XP level 7. HP: 32/55 MP: 7/7
  3532 | D:4      | HP: 2/55 [ogre/+0 giant club (35)]
  3535 | D:4      | You fall into a shaft and drop 2 floors!
  3547 | D:6      | Noticed a water moccasin
  3558 | D:6      | Found a hazy altar of Hepliaklqana.
  3560 | D:6      | Killed from afar by an orc priest

Illustrated notes

Levels and vault maps discovered:
D:1:      elethiomel_arrival_quiet, layout_loops_ring,
          dreamdust_ecumenical_altar_angels_and_demons
D:2:      layout_loops_ring, minmay_small_reverse_x
D:3:      wad_lake_hut, layout_basic, kennysheep_slug_shrine,
          gammafunk_ghost_abyssal_escape
D:4:      minmay_spotlight, layout_layer_cave, serial_glass, glass_columns_a,
          glass_columns_a, item_on_display_a, item_on_display_a
D:6:      layout_loops_ring, lemuel_coloured_pillars_altar, enter_ossuary_1,
          uniq_eustachio, uniq_grinder, uniq_menkaure

Skill      XL: |  1  2  3  4  5  6 |
---------------+-------------------+-----
Dodging        | 2 3 4 |  4.0
Fighting       | 3 4 |  4.8
Crossbows      | 5 |  5.6
Stealth        | |  1.2

Action                   |  1- 3 |  4- 6 |  7- 9 || total
-------------------------+-------+-------+-------++-------
 Fire: Hand crossbow     |    69 |   148 |     9 ||   226
 Abil: Dig               |       |       |     1 ||     1
       Shaft Self        |       |       |     1 ||     1
Evoke: Wand              |       |     3 |       ||     3
  Use: Potion            |     5 |     6 |       ||    11
       Scroll            |     2 |     3 |     1 ||     6
Armor: Leather armour    |     4 |    22 |       ||    26
Dodge: Dodged            |    15 |    54 |     2 ||    71

Table legend: (Time is in decaauts)
 A = Elapsed time spent in this place.
 B = Non-inter-level travel time spent in this place.
 C = Inter-level travel time spent in this place.
 D = Time resting spent in this place.
 E = Time spent auto-exploring this place.
 F = Levels seen in this place.
 G = Mean time per level.
                   A        B        C        D        E       F      G
               +--------+--------+--------+--------+--------+-----+--------+
         Total |   3663 |   3525 |    138 |     37 |   2965 |   5 |  732.6 |
       Dungeon |   3663 |   3525 |    138 |     37 |   2965 |   5 |  732.6 |
               +--------+--------+--------+--------+--------+-----+--------+

Top non-repeatable levels by time:
     D:2: 1333 daAuts
     D:3: 904 daAuts
     D:4: 739 daAuts
     D:1: 661 daAuts
     D:6: 24 daAuts
